Map: Croisement de Kairos EC

Players

Tyler - Winner!

  • Race: Terran Terran
  • Spawn Location: 11:00

IA (moyenne)

  • Race: Terran Terran
  • Spawn Location: 5:00

VOD

Have the link to the VOD?

Description

Time

  • Played on: March 31, 2019, 8:25 a.m.
  • Length: 8:49
Show
View Real Time Build Order
Export as new Build Order

Tyler Terran - Winner!

Build Orders:  

Get SALT Encoding   

  12  0:02  SCV  
  13  0:14  SCV  
  13  0:21  Supply Depot  
  14  0:26  SCV  
  15  0:40  Refinery  
  15  0:46  Barracks  
  15  0:50  SCV  
  16  1:02  SCV  
  17  1:14  SCV  
  18  1:26  SCV  
  19  1:33  Supply Depot  
  19  1:38  SCV  
  20  1:50  SCV  
  20  2:04  Command Center  
  20  2:26  Barracks Reactor  
  20  2:35  Supply Depot  
  20  2:42  SCV  
  21  2:54  SCV  
  22  2:59  Factory  
  22  3:04  Marine  
  22  3:05  Marine  
  24  3:06  SCV  
  25  3:17  SCV  
  25  3:18  SCV  
  27  3:22  Marine  
  27  3:23  Marine  
  29  3:29  SCV  
  29  3:30  SCV  
  31  3:40  Marine  
  31  3:41  SCV, Marine  
  34  3:44  Refinery  
  34  3:45  Engineering Bay  
  34  3:53  SCV  
  35  4:09  Hellion x2  
  39  4:18  Terran Infantry Weapons Level 1  
  39  4:22  Barracks Reactor  
  39  4:29  Supply Depot  
  39  4:30  Hellion x2  
  43  4:32  SCV  
  43  4:34  SCV  
  45  4:44  SCV  
  46  4:46  SCV  
  46  4:51  Hellion  
  46  4:52  Hellion  
  51  4:56  SCV  
  51  4:58  SCV  
  53  5:04  Barracks  
  53  5:05  Marine x2  
  55  5:10  SCV  
  55  5:13  Hellion x2  
  60  5:23  Marine x2  
  62  5:41  Supply Depot  
  62  5:49  Hellion  
  62  6:03  Hellion, Marine x2  
  62  6:04  Supply Depot, Barracks  
  66  6:06  Barracks Tech Lab  
  66  6:12  Terran Infantry Armor Level 1  
  66  6:15  Orbital Command  
  66  6:18  Orbital Command  
  66  6:21  Marine x2  
  68  6:28  Supply Depot  
  68  6:38  Hellion x2, Command Center  
  72  6:40  Marine x2  
  72  6:42  Marine  
  72  6:44  Combat Shield  
  75  6:50  Supply Depot  
  75  6:58  Marine x2  
  75  7:00  Hellion, Barracks Reactor, Marine  
  80  7:05  Refinery  
  80  7:16  Marine x2  
  80  7:18  Marine  
  83  7:26  Hellion x2  
  87  7:34  Marine x2  
  87  7:36  Marine  
  85  7:47  Hellion  
  85  7:48  Hellion  
  89  7:51  Marine  
  89  7:52  Marine  
  89  7:53  Marine  
  90  8:09  Hellion x2  
Show
View Real Time Build Order
Export as new Build Order

IA (moyenne) Terran 

Build Orders:  

Get SALT Encoding   

  12  0:00  SCV  
  13  0:13  SCV  
  14  0:19  Supply Depot  
  14  0:25  SCV  
  15  0:40  SCV  
  15  0:42  Barracks  
  16  0:49  Refinery  
  16  0:52  SCV  
  17  1:04  SCV  
  18  1:18  Supply Depot  
  18  1:29  Orbital Command  
  18  1:31  Marine  
  19  1:34  Barracks  
  19  1:44  Refinery  
  19  1:50  Barracks Tech Lab  
  19  2:06  Factory  
  19  2:08  Marine  
  20  2:23  Supply Depot  
  20  2:26  Marauder  
  22  2:40  Marine  
  23  2:55  Marine  
  24  3:02  Supply Depot  
  24  3:11  SCV, Marine  
  26  3:24  SCV, Engineering Bay  
  27  3:27  Marauder  
  29  3:36  SCV  
  30  3:43  Hellion  
  30  3:48  SCV  
  33  3:52  Supply Depot  
  33  4:00  SCV  
  34  4:04  Hellion  
  36  4:12  SCV  
  36  4:14  Marine  
  38  4:30  Hellion  
  40  4:52  Hellion  
  42  7:03  Barracks Tech Lab, Marine  
  42  7:06  Factory Tech Lab, Factory  
  43  7:10  Command Center, Missile Turret  
  43  7:11  Missile Turret  
  43  7:16  Sensor Tower  
  43  7:19  Supply Depot  
  43  7:20  Armory  
  43  7:21  Marine  
  44  7:23  Starport  
  44  7:28  Siege Tank  
  47  7:30  Barracks  
  47  7:35  Bunker  
  29  7:40  Marine  
  30  7:50  Factory Tech Lab  
  30  7:52  Marine  
  31  8:00  Starport Tech Lab  
  31  8:04  Marine  
  32  8:12  Hellion  
  31  8:19  Hellion  
  27  8:23  SCV  
  20  8:35  SCV  
Tags
 
Matchup
TvT
Race
Terran
Replay Pack
Pack 2
Spawn Locations
Cross Positions
Add a new tag
Caveats
  • Supply blocks, unpowered buildings, or Contaminate may cause inaccurate times.
  • Supply counts are checked every 10 seconds.